 Dungeon Crawl Stone Soup version 0.30-a0-1085-g990a428a5c (webtiles) character file.

Game seed: 1479732789417652668

25 voltaire321 the Charlatan (level 2, -1/21 HPs)
             Began as a Demonspawn Artificer on Apr 16, 2023.
             Succumbed to a goblin's poison
             ... on level 1 of the Dungeon.
             The game lasted 00:01:57 (517 turns).

voltaire321 the Charlatan (Demonspawn Artificer)     Turns: 517, Time: 00:01:57

Health: -1/21      AC:  4    Str: 12    XL:     2   Next: 82%
Magic:  2/2        EV: 11    Int: 12    God:
Gold:   10         SH:  0    Dex: 13    Spells: 1/1 levels left

rFire   . . .      SeeInvis .    g - +0 mace
rCold   . . .      Faith    .    (no shield)
rNeg    . . .      Spirit   .    b - +0 leather armour
rPois   .          Reflect  .    i - +0 helmet
rElec   .          Rampage  .    (no cloak)
rCorr   +                        (no gloves)
Will    .....                    (no boots)
Stlth   +                        (no amulet)
HPRegen 0.23/turn                a - ring of resist corrosion
MPRegen 0.08/turn                (no ring)

@: lethally poisoned (-1 -> -16)
A: claws 1
a: no special abilities


You were on level 1 of the Dungeon.
You visited 1 branch of the dungeon, and saw 1 of its levels.

You collected 10 gold pieces.

Inventory:

Hand Weapons
 g - a +0 mace (weapon)
Armour
 b - a +0 leather armour (worn)
 i - a +0 helmet (worn)
Magical Staves
 f - a staff of poison
Jewellery
 a - a ring of resist corrosion (left claw)
 k - a ring of positive energy
Wands
 c - a wand of flame (12) (quivered)
 d - a wand of charming (15)
 e - a wand of iceblast (5)
Scrolls
 m - a scroll of immolation {unknown}
Potions
 h - a potion of curing {unknown}
 j - a potion of flight {unknown}
 l - a potion of lignification {unknown}


   Skills:
 + Level 1.5 Fighting
 + Level 2.1 Armour
 + Level 1.4 Dodging
 - Level 0.8 Stealth
 + Level 3.3 Evocations


You had one spell level left.
You didn't know any spells.
Your spell library was empty.

Dungeon Overview and Level Annotations

Branches:
Dungeon (1/15)

Altars:


Innate Abilities, Weirdness & Mutations

You have sharp fingernails.


Message History

Your claw misses the goblin. The goblin barely misses you.
You barely miss the goblin. The goblin hits you but does no damage.
You sock the goblin!
You kill the goblin!
There is an open door here.
Things that are here:
a +0 club; a goblin corpse; a giant cockroach corpse You hit the goblin.
The goblin is heavily wounded.
The goblin hits you but does no damage.
You are poisoned.
You closely miss the goblin.
The goblin is heavily wounded.
You feel very sick. The goblin closely misses you.
The goblin hits you but does no damage.
You are more poisoned.
You closely miss the goblin.
The goblin is heavily wounded.
You feel very sick. The goblin closely misses you.
You hit the goblin.
The goblin is severely wounded.
You feel very sick.
The goblin hits you with a +2 dagger of venom.
You closely miss the goblin.
The goblin is severely wounded.
* * * LOW HITPOINT WARNING * * *
You feel very sick. The goblin hits you but does no damage.
The goblin hits you with a +2 dagger of venom.
* * * LOW HITPOINT WARNING * * *
You are more poisoned.
There's nothing to close nearby.
There's nothing to close nearby.
Aiming: Throw Flame
Press: ? - help, Shift-Dir - straight line, f - goblin
Aim: a goblin, wielding a +2 dagger of venom (severely wounded, 64% to hit)
The puff of flame hits the goblin!
You kill the goblin!
You die...

.##########
#.#.)........### ...
#.#.########.# #
...###############.#.#
#.# #
#.#..........)....#.#
######'###
#.#.###############.#
#.)....... #.#)#
###...# #.........
#...## #...###
#......... ####..##
#.### #.........
.......# #@#
#......... .....#.####
#....).# #...†.....
...................#
#...[.)...
...###.###.........#
########## ...#
...+...>...... # ...#
###........... # .###
#.........!.. # .#
#............. # .# #


There were no monsters in sight!

Vanquished Creatures
  4 endoplasms (D:1)
  3 giant cockroaches (D:1)
  3 goblins (D:1)
  A hobgoblin (D:1)
  A ball python (D:1)
  A bat (D:1)
  2 frilled lizards (D:1)
  5 kobolds (D:1)
  4 rats (D:1)
24 creatures vanquished.

Notes
Turn   | Place    | Note
-------+----------+-------------------------------------------
     0 | D:1      | voltaire321 the Demonspawn Artificer began the quest for
                  | the Orb.
     0 | D:1      | Reached XP level 1. HP: 15/15 MP: 1/1
    42 | D:1      | Reached skill level 1 in Dodging
   169 | D:1      | Gained mutation: You have sharp fingernails. [demonic
                  | ancestry]
   169 | D:1      | Reached XP level 2. HP: 21/21 MP: 2/2
   517 | D:1      | Succumbed to a goblin's poison

Illustrated notes

Levels and vault maps discovered:
D:1:      grunt_arrival_crossed_arrows, layout_basic

Skill      XL: |  1 |
---------------+----+-----
Dodging        | 1 |  1.4
Armour         | 2 |  2.1
Fighting       | |  1.5
Stealth        | |  0.8
Evocations     | |  3.3

Action                     || total
---------------------------++-------
  Melee: Club              ||    30
         Mace              ||    47
         Punch             ||     1
  Evoke: Wand              ||     3
 Armour: Leather armour    ||    35
  Dodge: Dodged            ||    58

Table legend: (Time is in decaauts)
 A = Elapsed time spent in this place.
 B = Non-inter-level travel time spent in this place.
 C = Inter-level travel time spent in this place.
 D = Time resting spent in this place.
 E = Time spent auto-exploring this place.
 F = Levels seen in this place.
 G = Mean time per level.
                   A        B        C        D        E       F      G
               +--------+--------+--------+--------+--------+-----+--------+
         Total |    543 |    543 |      0 |     39 |    268 |   1 |  543.0 |
       Dungeon |    543 |    543 |      0 |     39 |    268 |   1 |  543.0 |
               +--------+--------+--------+--------+--------+-----+--------+

Top non-repeatable levels by time:
     D:1: 543 daAuts
